[Event "Early-Titled-Tuesday-Blitz-May-14-2024"]
[Site "Chess.com"]
[Date "2024.05.14"]
[Round "8"]
[White "ajeale2"]
[Black "jankarsten"]
[Result "1-0"]
[WhiteElo "2506"]
[BlackElo "2619"]
[TimeControl "180+1"]
[EndTime "9:31:03 PDT"]
[Termination "ajeale2 won by resignation"]

1. b3 Nf6 2. Bb2 g6 3. Nf3 Bg7 4. e3 O-O 5. Be2 b6 6. O-O Bb7 7. c4 d6 8. d4 Ne4 9. Nbd2 Nd7 10. Qc2 Nxd2 11. Nxd2 e5 12. Bf3 Bxf3 13. Nxf3 Qe7 14.
dxe5 dxe5 15. Rfd1 Rad8 16. Rd5 c6 17. Rd2 e4 18. Bxg7 Kxg7 19. Nd4 c5 20. Nc6 Qf6 21. Qb2 Qxb2 22. Rxb2 Ra8 23. Rd1 Nf6 24. Rbd2 Rfc8 25. Ne5 Rc7 26. h3 h5 27. Rd6 Re8 28. Nd7 Ng8 29.
a4 Nh6 30. Nf6 Rec8 31. Nxe4 Nf5 32. Rd7 h4 33. Ng5 Kf6 34. Ne4+ Ke6 35. Ng5+ Kf6 36. Nxf7 Rxd7 37. Rxd7 Rf8 38. Nd8 Ng7 39. Rxg7 Kxg7 40. Ne6+ Kf7 41. Nxf8 Kxf8 42. Kf1 Kf7 43. Ke2 Kf6 44.
Kf3 Ke5 45. Kg4 Ke4 46. Kxh4 Kd3 47. f4 Kc3 48. g4 Kxb3 49. f5 b5 50. axb5 Kxc4 51.
fxg6 Kxb5 52. g7 c4 53. g8=Q c3 54. Qb3+ 1-0

[Event "Early-Titled-Tuesday-Blitz-May-14-2024"]
[Site "Chess.com"]
[Date "2024.05.14"]
[Round "8"]
[White "KirAk47"]
[Black "PawnEatingZombie"]
[Result "0-1"]
[WhiteElo "2441"]
[BlackElo "2302"]
[TimeControl "180+1"]
[EndTime "9:31:03 PDT"]
[Termination "PawnEatingZombie won on time"]

1. c4 Nf6 2. g3 g6 3. Bg2 Bg7 4. Nf3 O-O 5. O-O d6 6. Nc3 e5 7. d3 Nc6 8. Rb1 a5 9. a3 Re8 10. Qc2 Nd4 11. Nxd4 exd4 12. Ne4 Nxe4 13. dxe4 c6 14. b4 axb4 15. axb4 Be6 16. Bf4 b5 17. cxb5 cxb5 18. Qc6 Bc4 19. Bf3 Ra2 20. Rfe1 Be5 21. Bc1 Qc8 22. Qxc8 Rxc8 23. Bb2 d3 24. Bxe5 dxe5 25.
exd3 Bxd3 26. Rbc1 Rc4 27. Rxc4 bxc4 28. Rc1 Rb2 29. Bg2 Rxb4 30. Bf1 Bxf1 31. Kxf1 f5 32. Ke2 Kf7 33. exf5 gxf5 34. Ra1 Ke6 35. Ra5 Rb2+ 36. Ke3 f4+ 37. gxf4 exf4+ 38. Kxf4 Rxf2+ 39. Kg3 Rc2 40. Rc5 c3 41. Rc7 Rc1 42. Kg2 c2 43. h4 h5 44.
Kh2 Ke5 45. Rc4 Kd5 46. Rc8 Ke4 47. Kg2 Kf4 48. Rc4+ Ke3 49. Rc8 Rd1 50. Rxc2 Rd5 51. Re2+ Kf4 0-1

[Event "Early-Titled-Tuesday-Blitz-May-14-2024"]
[Site "Chess.com"]
[Date "2024.05.14"]
[Round "8"]
[White "Dewarfd"]
[Black "Good_Knight_Kiss"]
[Result "0-1"]
[WhiteElo "2083"]
[BlackElo "2354"]
[TimeControl "180+1"]
[EndTime "9:31:04 PDT"]
[Termination "Good_Knight_Kiss won on time"]

1. d4 Nf6 2. e3 g6 3. Nf3 Bg7 4. Be2 d6 5. b4 O-O 6. Bb2 e5 7. c4 exd4 8. Bxd4 Nc6 9. b5 Nxd4 10. exd4 Bf5 11. O-O Ne4 12. a4 a6 13. Ra3 axb5 14.
axb5 Rxa3 15. Nxa3 Nc3 16. Qd2 Nxe2+ 17. Qxe2 Re8 18.
Qd2 Qa8 19. Nc2 Qa2 20. Ne3 Qxd2 21. Nxd2 Bd3 22. Rc1 Bxd4 23. Nd5 c6 24. bxc6 bxc6 25. Nb4 Re2 26. Nf3 Bxf2+ 27. Kf1 Re1+ 28. Kxf2 Rxc1 29.
Nxd3 Rxc4 30. Ke3 f6 31. Nd4 Kf7 32. Nf4 g5 33. Nh5 Kg6 34. g4 Rc3+ 35. Kf2 c5 36. Nb5 Rd3 37. Ke2 Rh3 38. Nxd6 Rxh2+ 39. Kf3 Rh1 40.
Ng3 Ra1 41. Ngf5 Ra3+ 42. Kf2 Ra4 43. Ne7+ Kg7 44. Nef5+ Kf8 45. Ne4 c4 46. Nxf6 c3 47.
Ne3 Rf4+ 0-1

[Event "Early-Titled-Tuesday-Blitz-May-14-2024"]
[Site "Chess.com"]
[Date "2024.05.14"]
[Round "8"]
[White "chito89"]
[Black "ChristopherYoo"]
[Result "0-1"]
[WhiteElo "2820"]
[BlackElo "3008"]
[TimeControl "180+1"]
[EndTime "9:31:05 PDT"]
[Termination "ChristopherYoo won on time"]

1. e4 e5 2. Bc4 Nf6 3. d3 Nc6 4. Nc3 Bb4 5. Ne2 d5 6. exd5 Nxd5 7. O-O Be6 8. Bxd5 Bxd5 9. f4 O-O 10. f5 f6 11. Ng3 Bf7 12. Nce4 Kh8 13. Be3 b6 14.
Qg4 Rg8 15. Qh4 Be7 16. Ne2 g5 17. fxg6 Rxg6 18. Qf2 f5 19. Qxf5 Be6 20. Qf2 Nb4 21. N2g3 Nd5 22. Bd2 Qg8 23. c4 Rf8 24. Qe1 Nf4 25. Bc3 Qg7 26. Qd2 Kg8 27. Rxf4 Rxf4 28. Nh5 Qf7 29. Nxf4 exf4 30. Rf1 f3 31. g3 Bh3 32.
Rf2 c5 33. b3 Qf5 34. Bb2 Kf7 35. Qc3 Rg8 36. Qe5 Qxe5 37. Bxe5 Ke6 38. Bf4 Bg4 39. Nd2 Rd8 40. Nxf3 Bf6 41. Re2+ Kf5 42. Re3 h5 43.
Kf2 h4 44. Ng1 hxg3+ 45. hxg3 Bd4 46. Ne2 Bxe3+ 47. Bxe3 Rxd3 0-1

[Event "Early-Titled-Tuesday-Blitz-May-14-2024"]
[Site "Chess.com"]
[Date "2024.05.14"]
[Round "8"]
[White "jinbojinbo"]
[Black "RantomOpening"]
[Result "0-1"]
[WhiteElo "2651"]
[BlackElo "2564"]
[TimeControl "180+1"]
[EndTime "9:31:05 PDT"]
[Termination "RantomOpening won by resignation"]

1. c4 e6 2. Nc3 d5 3. cxd5 exd5 4. d4 Nf6 5. Bg5 c6 6. e3 Bd6 7. Bd3 O-O 8. Nge2 Re8 9. Ng3 h6 10. Bxf6 Qxf6 11. O-O Be6 12. Qd2 Nd7 13. f4 Nb6 14. f5 Bd7 15. Rae1 Bxg3 16. hxg3 Qg5 17. f6 g6 18. Qf2 Bf5 19. Bxf5 Qxf5 20. Qxf5 gxf5 21.
Rxf5 Nc4 22. Rf3 Re6 23. b3 Nd2 24. Rf4 Rae8 25. Re2 Ne4 26. Nxe4 Rxe4 27. Kf2 R8e6 28.
Kf3 Kh7 29. b4 Kg6 30. a4 Rxf6 31. Rc2 Rfe6 32. Rc3 a6 33. Rb3 f5 34. g4 Rxf4+ 35.
exf4 Re4 36. b5 axb5 37. axb5 Rxd4 38. gxf5+ Kxf5 39. g4+ Kf6 40. bxc6 bxc6 41. Rb8 Rd3+ 42. Ke2 Rd4 43. Ke3 Re4+ 44. Kf3 Ra4 45. f5 h5 46. Rf8+ Kg7 47. Rc8 hxg4+ 48. Kg3 Rc4 49. Kh4 Kf6 50.
Rf8+ Ke5 51. Kg5 g3 52. Re8+ Kd6 53. Rg8 g2 54. Kf6 Rc2 55. Kf7 Rf2 56. f6 d4 57. Rg3 c5 58. Kg7 c4 59. f7 d3 60.
Rxg2 Rxg2+ 0-1

[Event "Early-Titled-Tuesday-Blitz-May-14-2024"]
[Site "Chess.com"]
[Date "2024.05.14"]
[Round "8"]
[White "NelsonLinda"]
[Black "RobertoJBM"]
[Result "0-1"]
[WhiteElo "2622"]
[BlackElo "2837"]
[TimeControl "180+1"]
[EndTime "9:31:06 PDT"]
[Termination "RobertoJBM won on time"]

1. d4 d5 2. Nf3 Nf6 3. e3 c6 4. Bd3 Bg4 5. Nbd2 Nbd7 6. h3 Bh5 7. O-O e6 8. c4 Bd6 9. Qb3 Qb6 10. c5 Qxb3 11. axb3 Bc7 12. b4 O-O 13. Nb3 a6 14. Nfd2 e5 15. dxe5 Nxe5 16. Bc2 Bg6 17. Bxg6 hxg6 18.
Nd4 Nd3 19. Nc2 Rfe8 20. Ra3 Ne5 21. Nf3 Ne4 22. b3 Nd3 23. Nfd4 Nexf2 24. Rxf2 Nxc1 25.
Rd2 Be5 26. Rd1 Bxd4 27. Nxd4 Rxe3 28. Rxc1 Rd3 29. Nf3 Re8 30. Kf2 Re4 31. Re1 f6 32. Rxe4 dxe4 33. Ne1 Rd4 34. Nc2 Rd2+ 35. Ke3 Rxc2 36.
Kxe4 Rxg2 37. Kf3 Rd2 38. Ke4 Kf7 39. Ra1 f5+ 40. Ke3 Rb2 41. Rd1 Rxb3+ 42. Kf4 Rxb4+ 43. Ke5 Re4+ 44. Kd6 f4 45. Kc7 Re7+ 46. Kb6 g5 47.
Rg1 Kf6 48. Rf1 Kf5 49. Rd1 g4 50. hxg4+ Kxg4 51. Rg1+ Kf5 52. Rf1 g5 53. Rh1 f3 54.
Rf1 g4 55. Ra1 g3 56. Rb1 g2 57. Re1 Rf7 0-1

[Event "Early-Titled-Tuesday-Blitz-May-14-2024"]
[Site "Chess.com"]
[Date "2024.05.14"]
[Round "8"]
[White "english_player_89"]
[Black "Quattroporte300"]
[Result "1-0"]
[WhiteElo "2619"]
[BlackElo "2418"]
[TimeControl "180+1"]
[EndTime "9:31:06 PDT"]
[Termination "english_player_89 won on time"]

1. e4 c5 2. Nf3 e6 3. g3 Nc6 4. Bg2 Nf6 5. Qe2 e5 6. O-O Be7 7. c3 O-O 8. Rd1 Re8 9. d4 cxd4 10. cxd4 exd4 11. Nxd4 Nxd4 12. Rxd4 Bc5 13. Rc4 Qb6 14. Nc3 d5 15. Na4 Bxf2+ 16. Kh1 Qb5 17. Rc2 Qxe2 18. Rxe2 Nxe4 19. Nc3 Bg4 20. Nxe4 Bxe2 21. Nxf2 Rad8 22.
Bf4 Re7 23. Re1 d4 24. Bd2 d3 25. Ne4 b6 26. Kg1 h6 27. Bc3 f5 28. Nd2 Kf7 29.
Kf2 g5 30. a4 Bh5 31. Ra1 Re2+ 32. Kf1 Rde8 33. a5 b5 34. Bd5+ Kf8 35. Nb3 Bf7 36.
Bxf7 Kxf7 37. Nd4 Rxh2 38. Kg1 Rhe2 39. Nxe2 Rxe2 40. Rd1 a6 41. Rxd3 Ke6 42. Kf1 Re4 43.
Kf2 b4 44. Bd2 Rg4 45. Rb3 h5 46. Rxb4 f4 47. gxf4 h4 48. fxg5 1-0

[Event "Early-Titled-Tuesday-Blitz-May-14-2024"]
[Site "Chess.com"]
[Date "2024.05.14"]
[Round "8"]
[White "Rodalquilar"]
[Black "Oleksandr_Bortnyk"]
[Result "1-0"]
[WhiteElo "2892"]
[BlackElo "3037"]
[TimeControl "180+1"]
[EndTime "9:31:07 PDT"]
[Termination "Rodalquilar won by checkmate"]

1. d4 Nf6 2. Nf3 b6 3. Bf4 Bb7 4. e3 d6 5. h3 Nbd7 6. Nbd2 e6 7. a4 a5 8. Be2 Be7 9. O-O h6 10. c3 g5 11. Bg3 g4 12. hxg4 Nxg4 13. Nh2 h5 14. Bf3 d5 15. Bxg4 hxg4 16. Nxg4 Bd6 17. Bxd6 cxd6 18. g3 Qg5 19. f4 Qg6 20. Qf3 f5 21.
Nf2 O-O-O 22. Kg2 Nf6 23. Rh1 Rhg8 24. Nh3 Nh7 25. Rag1 Ba6 26. Nf2 Nf6 27. Nh3 Ne4 28.
Nxe4 fxe4 29. Qf2 Qg4 30. Ng5 Rdf8 31. Rh4 Qf5 32. g4 Rxg5 33. Qg3 Qg6 34. fxg5 Kc7 35. Rh5 Kc6 36. Qh4 Qf7 37. Qg3 Qg8 38. Qh4 Rf3 39. Rh6 Rxe3 40. Rf6 Re2+ 41. Kg3 Rxb2 42. g6 Rc2 43. Kf4 Rxc3 44. Kg5 Qd8 45.
Qh7 Rf3 46. Qf7 e3 47. g7 e2 48. g8=Q Qxg8+ 49. Qxg8 Rf1 50. Rgxf1 exf1=Q 51. Rxf1 Bxf1 52. Qc8# 1-0

[Event "Early-Titled-Tuesday-Blitz-May-14-2024"]
[Site "Chess.com"]
[Date "2024.05.14"]
[Round "8"]
[White "manitodeplomo"]
[Black "Massakru"]
[Result "0-1"]
[WhiteElo "2562"]
[BlackElo "2421"]
[TimeControl "180+1"]
[EndTime "9:31:09 PDT"]
[Termination "Massakru won by resignation"]

1. d4 Nf6 2. c4 e6 3. Nf3 d5 4. Nc3 c5 5. Bg5 cxd4 6. Qxd4 Nc6 7. Bxf6 gxf6 8. Qh4 Bb4 9. e3 Bxc3+ 10. bxc3 dxc4 11.
Bxc4 f5 12. Qh6 Qe7 13. O-O Bd7 14. Rfe1 O-O-O 15. e4 fxe4 16. Rxe4 Rhg8 17. Qxh7 Rh8 18. Qg7 Rdg8 19. Qxh8 Rxh8 20. Rae1 Na5 21. Bf1 Bc6 22. Rf4 Bxf3 23. Rxf3 Nc6 24. g3 f5 25. Bc4 Nd8 26. Rxf5 Rxh2 27. Bf1 Rh6 28. Bg2 Qc7 29. Rf3 a6 30.
Rfe3 Qd6 31. a4 Rf6 32. g4 Rg6 33. Re4 Rg5 34. Bf3 Rc5 35. R1e3 Qc7 36. Kg2 Rxc3 37. Rxc3 Qxc3 38. g5 Qg7 39. Rg4 Nf7 40. g6 Ne5 41.
Rg3 Nxf3 42. Kxf3 Kd7 43. Ke3 Ke7 44. a5 Kf6 45. Kd3 e5 46. Kc4 Qc7+ 47. Kb4 Qd6+ 48. Kc3 Qd4+ 49. Kb3 Kg7 50. Ka3 Qxf2 51. Rb3 Qc5+ 52.
Ka4 Qc4+ 53. Ka3 Qc5+ 54. Ka4 Qc6+ 55. Ka3 Kxg6 56. Rb6 Qxb6 57. axb6 Kf5 0-1

[Event "Early-Titled-Tuesday-Blitz-May-14-2024"]
[Site "Chess.com"]
[Date "2024.05.14"]
[Round "8"]
[White "Der_Balak_3Halak"]
[Black "aloe_normansen"]
[Result "1/2-1/2"]
[WhiteElo "2402"]
[BlackElo "2566"]
[TimeControl "180+1"]
[EndTime "9:31:11 PDT"]
[Termination "Game drawn by repetition"]

1. e4 e5 2. Nf3 Nc6 3. Bb5 a6 4. Bxc6 dxc6 5. h3 Bd6 6. O-O Ne7 7. c3 O-O 8. d4 Ng6 9. dxe5 Nxe5 10. Nxe5 Bxe5 11. Be3 Qe7 12. Nd2 Bd6 13. Nc4 Qxe4 14.
Nxd6 cxd6 15. Qxd6 Be6 16. Rad1 Bxa2 17. Rd4 Qe6 18.
Qc7 Bd5 19. Qxb7 Rab8 20. Qxa6 Rxb2 21. c4 Be4 22. Qa3 Rc2 23. Rfd1 Qg6 24. Qxf8+ Kxf8 25. Rd8+ Ke7 26. Bc5+ Ke6 27. R8d6+ Kf5 28. g4+ Kf4 29. Rxg6 hxg6 30. Bd6+ Kf3 31. Bg3 Rxc4 32. Re1 Rc3 33. Be5 Rb3 34. Bxg7 c5 35. Rc1 Rb1 36. Rxb1 Bxb1 37.
Bc3 c4 38. Kf1 Bd3+ 39. Ke1 f5 40. gxf5 Bxf5 41. h4 Kg4 42. Bf6 Kf3 43. Bd4 Bd3 44. Kd2 Kg4 45. Bf6 Kf3 46. Bd4 Ke4 47. Bf6 Kf3 48.
Bd4 1/2-1/2

[Event "Early-Titled-Tuesday-Blitz-May-14-2024"]
[Site "Chess.com"]
[Date "2024.05.14"]
[Round "8"]
[White "Orujov2008"]
[Black "TenisMaster"]
[Result "0-1"]
[WhiteElo "2750"]
[BlackElo "2911"]
[TimeControl "180+1"]
[EndTime "9:31:12 PDT"]
[Termination "TenisMaster won on time"]

1. e4 e5 2. Nf3 Nc6 3. d4 exd4 4.
Nxd4 Bc5 5. Be3 Qf6 6. c3 b6 7.
Be2 Bb7 8. O-O Nge7 9. b4 Nxd4 10. cxd4 Bxb4 11. Bf3 Qg6 12. Nd2 Bxd2 13. Bxd2 O-O 14.
Qe2 d5 15. e5 Nf5 16. Bc3 c5 17. Rfe1 cxd4 18. Bb2 Rfe8 19. Bh5 Qe6 20. Qf3 Bc8 21. Rac1 Bd7 22. Rc7 Rec8 23. Bxf7+ Kxf7 24. Rxd7+ Kg8 25. g4 Nh4 26. Rxg7+ Kxg7 27. Qg3 Rc2 28. Bxd4 Rc4 29. Rd1 Ng6 30. f4 Qe7 31. f5 Rxd4 32. Rxd4 Qxe5 33. Qf2 Nf8 34. Qd2 Re8 35. Rxd5 Qe3+ 36. Qxe3 Rxe3 37. Kf2 Ra3 38. Rd8 Kf7 39. h4 Rxa2+ 40. Kg3 Ra4 41. g5 Rc4 42. Ra8 Rc7 43. h5 Rb7 44. Kf4 b5 45.
Ke3 b4 46. Kd2 b3 47. Kc1 b2+ 48. Kb1 Nd7 49. Rh8 Nf8 50. g6+ Kg7 51. h6+ Kxh8 52. g7+ Kg8 0-1

[Event "Early-Titled-Tuesday-Blitz-May-14-2024"]
[Site "Chess.com"]
[Date "2024.05.14"]
[Round "8"]
[White "tandaleo"]
[Black "GMSrinath"]
[Result "1-0"]
[WhiteElo "2613"]
[BlackElo "2823"]
[TimeControl "180+1"]
[EndTime "9:31:12 PDT"]
[Termination "tandaleo won on time"]

1. d4 f5 2. Nc3 Nf6 3. Bg5 Ne4 4. Nxe4 fxe4 5. e3 d5 6. c4 c6 7. Bf4 g6 8. Be5 Rg8 9. cxd5 cxd5 10. Qa4+ Nc6 11.
Bb5 Bd7 12. Rc1 Nxe5 13. dxe5 Bg7 14. e6 Bxb5 15. Qxb5+ Kf8 16. Ne2 a6 17. Qxb7 Rb8 18. Qxa6 Bxb2 19. Rb1 Be5 20. O-O Kg7 21. g3 Qc7 22. Rfc1 Rxb1 23. Rxb1 Qc2 24. Rb7 Bf6 25. Nf4 Rd8 26. Kg2 d4 27. exd4 e3 28. Qe2 Qe4+ 29.
Qf3 Qxd4 30. Qxe3 Qd1 31. Qf3 Qd2 32. a4 Rd4 33. Ra7 Rd6 34. a5 Qd4 35. Rb7 Qc4 36. a6 Qxa6 37. Rd7 Qb6 38. Rxd6 Qxd6 39. Qe4 Be5 40. Nd3 Bd4 41. h4 Bf6 42. h5 g5 43.
Ne1 Qd1 44. Nf3 Qd6 45. Nh2 Qd2 46. Ng4 Bd4 47. Qf5 Bf6 48. h6+ Kh8 49. Nxf6 1-0

[Event "Early-Titled-Tuesday-Blitz-May-14-2024"]
[Site "Chess.com"]
[Date "2024.05.14"]
[Round "8"]
[White "TheoSlade"]
[Black "remyrushbrooke"]
[Result "1-0"]
[WhiteElo "2446"]
[BlackElo "2315"]
[TimeControl "180+1"]
[EndTime "9:31:13 PDT"]
[Termination "TheoSlade won by resignation"]

1. d4 g6 2. c4 Bg7 3. e4 d6 4. Nc3 e5 5. dxe5 dxe5 6. Qxd8+ Kxd8 7. f4 Nc6 8. Nf3 Bg4 9. Be3 Nd4 10. O-O-O Kc8 11. Bxd4 exd4 12. Nb5 Bxf3 13. gxf3 c5 14. Nd6+ Kc7 15. Nxf7 Rf8 16. Nxh8 Bxh8 17. f5 gxf5 18. Bd3 Ne7 19. Rhg1 Be5 20. Rg2 f4 21. Rg5 Ng6 22. Rdg1 b6 23. Bf1 Kd6 24. Rxg6+ hxg6 25. Rxg6+ Rf6 26.
Rg8 Rh6 27. h3 Bf6 28. Ra8 a5 29. Rb8 Kc7 30. Rg8 Bh4 31. Rg4 Bg3 32. b3 Re6 33.
a3 Rh6 34. Kb2 Kd6 35. Rg8 Kc6 36. b4 axb4 37. axb4 cxb4 38. Kb3 Kc5 39. Rg5+ Kd6 40. Kxb4 Bf2 41. Kb5 Kc7 42. Rg4 Be3 43. h4 Rh5+ 44. Kb4 Bd2+ 45. Kb3 Be3 46. Kc2 b5 47. cxb5 Kb6 48.
Rg6+ Ka5 49. Rg4 Rc5+ 50. Kb2 Rc1 51. Bd3 Rd1 52. Bc2 Rd2 53. h5 d3 54. Rg8 Rxc2+ 55. Kb3 d2 56. Kxc2 1-0

[Event "Early-Titled-Tuesday-Blitz-May-14-2024"]
[Site "Chess.com"]
[Date "2024.05.14"]
[Round "8"]
[White "ernestina08chess"]
[Black "emeli_chess"]
[Result "1-0"]
[WhiteElo "2325"]
[BlackElo "2424"]
[TimeControl "180+1"]
[EndTime "9:31:13 PDT"]
[Termination "ernestina08chess won on time"]

1. d4 Nf6 2. c4 e6 3. Nf3 d5 4. g3 dxc4 5. Bg2 Nc6 6. O-O Rb8 7. a4 a6 8. Nc3 b5 9. axb5 axb5 10. Nxb5 Be7 11.
Ne5 Nxe5 12. dxe5 Nd5 13. Bxd5 exd5 14. Qxd5 O-O 15. Qxd8 Bxd8 16. Na3 Be6 17. Nc2 f6 18. Nd4 Bh3 19. Rd1 fxe5 20. Nc6 Rc8 21. Be3 Bf6 22. Rac1 Be6 23. Na5 Rb8 24. Bc5 Rfc8 25. Ba3 Rd8 26. Rxd8+ Rxd8 27. Nxc4 e4 28. Ne3 Rd2 29. Rc6 Bh3 30. Rc2 Rd7 31. f3 h5 32.
Bc5 Be6 33. Kf2 exf3 34. exf3 h4 35. g4 Be5 36. h3 Bf4 37. Ke2 Bb3 38. Rd2 Rf7 39. Rd4 Bg3 40. Rb4 Be6 41. Bd4 Rd7 42. Bc3 c5 43. Re4 Bf7 44. f4 c4 45. Nxc4 Rb7 46. Ne5 Bd5 47. Re3 1-0

[Event "Early-Titled-Tuesday-Blitz-May-14-2024"]
[Site "Chess.com"]
[Date "2024.05.14"]
[Round "8"]
[White "ReinisUz"]
[Black "lefonghua"]
[Result "1/2-1/2"]
[WhiteElo "2426"]
[BlackElo "2591"]
[TimeControl "180+1"]
[EndTime "9:31:15 PDT"]
[Termination "Game drawn by repetition"]

1. c4 Nf6 2. Nc3 g6 3. g3 Bg7 4. Bg2 O-O 5. Nf3 d6 6. O-O c5 7. Rb1 Nc6 8. a3 Rb8 9. b4 b6 10. d3 Bb7 11. b5 Nd4 12. Nxd4 cxd4 13. Bxb7 Rxb7 14. Nd5 Nxd5 15. cxd5 Rc7 16. Bb2 Rc5 17. Qb3 Qa8 18. Qa4 Rxd5 19. Rbc1 Rc5 20. Bxd4 Bxd4 21. Qxd4 Rfc8 22. Rxc5 Rxc5 23. a4 h5 24. Ra1 Qc8 25. Qe3 e5 26. d4 Rc3 27. Qe4 Rc4 28. e3 Kg7 29. Qd5 exd4 30. exd4 Qe6 31. Qb7 Rxd4 32. Qxa7 d5 33. a5 Rb4 34. a6 Qf6 35.
Rd1 Rb2 36. Rf1 Rxb5 37. Qb7 Ra5 38. a7 Qd8 39. Qb8 Qf8 40. Rc1 Qa3 41. Rc8 Rxa7 42.
Rg8+ Kh7 43. Rh8+ Kg7 44. Rg8+ Kh7 45. Rh8+ Kg7 46. Qg8+ Kf6 47. Qd8+ Qe7 48. Qxb6+ Kg7 49. Qb2+ f6 50. Rb8 Rd7 51. Qc3 d4 52. Qc8 Qe1+ 53. Kg2 Qe4+ 54. Kg1 Qe1+ 55. Kg2 Qe4+ 56. Kh3 Qf5+ 57.
Kg2 Qe4+ 1/2-1/2

[Event "Early-Titled-Tuesday-Blitz-May-14-2024"]
[Site "Chess.com"]
[Date "2024.05.14"]
[Round "8"]
[White "Baronessa08"]
[Black "vasblesk"]
[Result "0-1"]
[WhiteElo "2591"]
[BlackElo "2798"]
[TimeControl "180+1"]
[EndTime "9:31:17 PDT"]
[Termination "vasblesk won by resignation"]

1. c4 e5 2. g3 c6 3. Nf3 e4 4. Nd4 d5 5. cxd5 Qxd5 6. Nc2 Nf6 7. Bg2 Qe5 8. Nc3 Be7 9. d4 exd3 10. Qxd3 O-O 11.
Bf4 Qh5 12. h3 Rd8 13. Qf3 Qxf3 14. Bxf3 Na6 15. g4 Nb4 16. Nxb4 Bxb4 17. Rd1 Be6 18. a3 Be7 19. O-O Bb3 20. Rxd8+ Rxd8 21. Rc1 h6 22.
Be3 a6 23. Bb6 Rd7 24. Kf1 Rd2 25. Rb1 Nd7 26. Be3 Rd6 27. Ne4 Re6 28. Nd2 Bc2 29.
Rc1 Bg6 30. Nc4 f5 31. Rd1 Nf6 32. Na5 fxg4 33. hxg4 Bc2 34. Rd2 Be4 35. Nxb7 Nd5 36. Bc5 Bg5 37. Rd1 Bxf3 38. exf3 Rf6 39. Rd3 g6 40.
Nd6 Re6 41. Ne4 Bf4 42. b4 h5 43. Kg2 hxg4 44. fxg4 Rxe4 45. Kf3 Rc4 46. Be3 Bxe3 47. fxe3 Kf7 48. e4 Nf6 49. Rd8 Nxe4 50. Ra8 Nf6 51. Ra7+ Ke6 52. Rxa6 Nxg4 53. b5 Ne5+ 54. Kg3 Kf5 55.
b6 Rc3+ 56. Kf2 Rb3 57. a4 Nc4 58. a5 Rb5 59. Ra8 Nxa5 60. b7 Nxb7 0-1

[Event "Early-Titled-Tuesday-Blitz-May-14-2024"]
[Site "Chess.com"]
[Date "2024.05.14"]
[Round "8"]
[White "margarita_2703"]
[Black "azikom"]
[Result "0-1"]
[WhiteElo "2339"]
[BlackElo "2704"]
[TimeControl "180+1"]
[EndTime "9:31:17 PDT"]
[Termination "azikom won by resignation"]

1. e4 c5 2. Nf3 e6 3. b3 Nc6 4. Bb2 d6 5. d4 cxd4 6. Nxd4 Nf6 7. Bd3 Ne5 8. Bb5+ Bd7 9. Bxd7+ Qxd7 10. Nd2 Be7 11. c4 Nd3+ 12. Kf1 Nxb2 13. Qc2 Nxc4 14. bxc4 O-O 15. f3 Rfc8 16. Qd3 a6 17. Rb1 Qc7 18.
g3 Nd7 19. Kg2 h6 20. Rhc1 Bf6 21. h4 Rab8 22. a4 Nc5 23. Qe3 Nxa4 24. f4 Nc5 25. N2f3 b6 26. e5 dxe5 27. fxe5 Be7 28. Ra1 Rd8 29.
Rcb1 Rbc8 30. Qf4 Qb7 31. Qg4 Qe4 32. Qxe4 Nxe4 33. Rxb6 Bc5 34. Rc6 Bxd4 35. Rxc8 Rxc8 36. Nxd4 Rxc4 37. Nf3 Rc2+ 38. Kg1 Nxg3 39. Rxa6 Kh7 40. Ra3 Nh5 41. Ra7 Kg6 42. Rd7 Nf4 43. Kf1 Ra2 44. Nd2 Nd5 45. Ke2 h5 46. Rd8 Nf4+ 47.
Ke3 Ng2+ 48. Ke2 Nxh4 49. Kd3 Nf5 50. Ne4 h4 51. Rh8 Ra3+ 52. Kd2 Ra5 53. Nd6 Rxe5 54. Nxf5 exf5 55. Rxh4 Kf6 56. Rh8 Ra5 57. Ke3 Ra4 58. Kf2 g6 59. Kf3 Kg5 60. Rb8 Ra3+ 61. Kf2 f4 62.
Rb2 f5 63. Rc2 Kg4 64. Rb2 g5 65. Rc2 Kh4 66. Rc8 Kg4 67. Rc2 f3 68. Rc4+ f4 69.
Rc2 Re3 70. Rb2 Re2+ 71. Rxe2 fxe2 72. Ke1 Kg3 73. Kxe2 Kg2 74. Ke1 f3 75. Kd2 f2 76.
Ke3 f1=Q 77. Ke4 Qf4+ 0-1

[Event "Early-Titled-Tuesday-Blitz-May-14-2024"]
[Site "Chess.com"]
[Date "2024.05.14"]
[Round "8"]
[White "Tigranpatagonian"]
[Black "Mikhail_Golubev"]
[Result "0-1"]
[WhiteElo "2374"]
[BlackElo "2541"]
[TimeControl "180+1"]
[EndTime "9:31:18 PDT"]
[Termination "Mikhail_Golubev won on time"]

1. d4 Nf6 2. c4 d6 3. Nc3 g6 4.
g3 Bg7 5. Bg2 O-O 6. Nf3 Nbd7 7.
O-O e5 8. Qc2 exd4 9. Nxd4 Nb6 10. Rd1 Nxc4 11. Ncb5 a6 12. Qxc4 axb5 13. Nxb5 Ne8 14. a4 Qe7 15. Ra3 c6 16. Nd4 d5 17.
Qc2 Nd6 18. Re3 Qf6 19. b3 Nf5 20. Nxf5 Bxf5 21. Qc5 d4 22. Rf3 Qe6 23. Re1 Be4 24. Rf4 Bxg2 25. Kxg2 Qxb3 26. a5 Rad8 27. Rf3 Qd5 28.
Ba3 Rfe8 29. Bb4 Bf8 30. Qxd5 Rxd5 31. Bd2 c5 32. Rb1 Rd7 33. Rfb3 c4 34. Rxb7 Rxb7 35. Rxb7 c3 36. Bf4 Rxe2 37. Rb8 Kg7 38. a6 Ra2 39. Be5+ f6 40. Bxd4 Rxa6 41. Bxc3 Rc6 42. Rb7+ Kg8 43. Bd2 h5 44. h4 Re6 45. Rb8 f5 46. Bb4 Rf6 47.
Kf3 Rf7 48. Kf4 Kg7 49. Bxf8+ Rxf8 50. Rxf8 Kxf8 51. Kg5 Kf7 0-1

[Event "Early-Titled-Tuesday-Blitz-May-14-2024"]
[Site "Chess.com"]
[Date "2024.05.14"]
[Round "8"]
[White "toninhojit"]
[Black "Meri-Arabidze"]
[Result "0-1"]
[WhiteElo "2562"]
[BlackElo "2710"]
[TimeControl "180+1"]
[EndTime "9:31:19 PDT"]
[Termination "Meri-Arabidze won by resignation"]

1. c4 e6 2. Nc3 d5 3. cxd5 exd5 4. d4 c6 5. Nf3 Nf6 6. Bg5 Be7 7. e3 Nbd7 8. Bd3 Nf8 9. O-O Ne6 10. Bh4 O-O 11.
Ne5 g6 12. f4 Ng7 13. Bf2 Bf5 14.
Be2 Ne4 15. Nxe4 Bxe4 16. Bf3 f6 17. Nd3 Nf5 18. Bxe4 dxe4 19. Nc1 Kg7 20. Nb3 Qd5 21. Rc1 Rfd8 22. Qe2 a5 23. g4 Nd6 24. Qc2 a4 25.
Nc5 b5 26. b3 axb3 27. axb3 f5 28. g5 Nf7 29. Be1 Ra7 30. Bc3 Rda8 31. Ra1 Kg8 32. Bb2 Nd8 33. Rxa7 Rxa7 34. Ra1 Rxa1+ 35. Bxa1 Kf7 36. Kf2 Ne6 37. Nxe6 Kxe6 38. Bc3 c5 39. dxc5 Bxc5 40. Bb2 b4 41. Ke2 Bb6 42. Be5 Qb5+ 43. Kf2 Qd5 44. Qc8+ Kf7 45. Qc2 Bc5 46. Ke2 Ke6 47.
Qd1 Qxd1+ 48. Kxd1 Bxe3 49. Ke2 Bc5 50. Kd2 Kd5 51. Ke2 Bd4 52. Bc7 Bc3 53. Bb6 Bd4 54. Bc7 Bg1 55. h3 Bc5 56. Bb8 Bd6 57. Ba7 Bxf4 0-1

[Event "Early-Titled-Tuesday-Blitz-May-14-2024"]
[Site "Chess.com"]
[Date "2024.05.14"]
[Round "8"]
[White "ivana_999"]
[Black "th3d4rkness"]
[Result "1/2-1/2"]
[WhiteElo "1876"]
[BlackElo "2164"]
[TimeControl "180+1"]
[EndTime "9:31:19 PDT"]
[Termination "Game drawn by repetition"]

1. d4 Nf6 2. c4 e6 3. Nc3 Bb4 4. a3 Bxc3+ 5. bxc3 d6 6. f3 c5 7. e4 Nc6 8. Be3 b6 9. Bd3 e5 10. d5 Na5 11. Ne2 O-O 12. Ng3 Ba6 13. Qe2 Qd7 14.
a4 h6 15. O-O Nh7 16. Nf5 Bc8 17. f4 f6 18. Qg4 Kh8 19. fxe5 fxe5 20. Rf3 Qc7 21.
Raf1 Bxf5 22. Rxf5 Rxf5 23. exf5 Qe7 24. f6 Nxf6 25.
Qg6 e4 26. Be2 Rf8 27. Bxh6 gxh6 28. Qxh6+ Nh7 29. Rxf8+ Qxf8 30. Qe6 Nb3 31. Qxe4 Qf6 32.
Qe8+ Nf8 33. Qh5+ Kg7 34. Qg4+ Ng6 35. Bd3 Nd2 36. h4 Kf7 37. Bxg6+ Qxg6 38. Qd7+ Kg8 39. Qd8+ Kh7 40. Qe7+ Kh6 41. Qe3+ Kh5 42. Qxd2 Kxh4 43.
Qf4+ Kh5 44. g4+ Kh4 45. Qh2+ Kxg4 46. Qg2+ Kf5 47. Qxg6+ Kxg6 48. Kf2 Kf5 49. Kf3 a6 50. Ke3 Kg4 51. Ke4 Kg5 52. Ke3 Kg4 53. Ke4 a5 54. Ke3 Kf5 55. Kf3 Ke5 56. Ke3 Kf5 57. Kf3 Kg5 58. Kg3 Kf5 59. Kf3 1/2-1/2

[Event "Early-Titled-Tuesday-Blitz-May-14-2024"]
[Site "Chess.com"]
[Date "2024.05.14"]
[Round "8"]
[White "talaicito"]
[Black "Alenzer"]
[Result "1-0"]
[WhiteElo "2370"]
[BlackElo "2198"]
[TimeControl "180+1"]
[EndTime "9:31:19 PDT"]
[Termination "talaicito won on time"]

1. d4 d5 2. Bf4 c5 3. e3 Nf6 4. Nc3 Nc6 5. Nf3 Bf5 6. Bd3 Bxd3 7. cxd3 e6 8. O-O cxd4 9. exd4 Bd6 10. Bg5 O-O 11. Rc1 h6 12. Bh4 a6 13. Qb3 Qd7 14. Na4 Na5 15. Qd1 Qb5 16. b3 Rac8 17. Rxc8 Rxc8 18.
Bxf6 gxf6 19. Qd2 Kg7 20. Rc1 Rxc1+ 21. Qxc1 Qxd3 22. h3 Nc6 23. Nc5 Bxc5 24. Qxc5 Qb1+ 25. Kh2 Qxa2 26. Qb6 Qxf2 27. Qxb7 Nxd4 28. Nxd4 Qf4+ 29. Kh1 Qxd4 30. Qxa6 Qd1+ 31. Kh2 Qxb3 32. Qe2 Qc4 33. Qf2 e5 34. Qg3+ Kf8 35. Qa3+ Ke8 36. Qa8+ Kd7 37.
Qb7+ Kd6 38. Qb6+ Ke7 39. Qa7+ Ke6 40. Qb6+ Kf5 41. Qb7 Qf4+ 42. Kh1 d4 43. Qc8+ Kg6 44. Qg8+ Kf5 45. Qh7+ Ke6 46. Qd3 Qc1+ 47. Kh2 Qc3 48. Qa6+ Kf5 49. Qb7 1-0